 Dungeon Crawl Stone Soup version 0.22-a0-348-gd16d139 (webtiles) character file.

9167 Amnesiac the Destroyer (level 11, -3/75 HPs)
             Began as a Mummy Conjurer on Apr 10, 2018.
             Was a High Priest of Sif Muna.
             Killed by the air
             ... invoked by Gastronok
              (35 damage)
             ... on level 10 of the Dungeon.
             The game lasted 00:25:14 (12550 turns).

Amnesiac the Destroyer (Mummy Conjurer)            Turns: 12550, Time: 00:25:15

Health: -3/75      AC:  5    Str: 12    XL:     11   Next: 19%
Magic:  9/26       EV: 14    Int: 18    God:    Sif Muna [*****.]
Gold:   533        SH:  0    Dex: 12    Spells: 22/33 levels left

rFire    x . .     SeeInvis +   s - +2 halberd (elec)
rCold    + . .     Gourm    .   (shield currently unavailable)
rNeg     + + +     Faith    .   a - +0 robe
rPois    ∞         Spirit   .   d - +0 helmet
rElec    .         Reflect  .   l - +0 cloak
rCorr    .         Harm     .   n - +0 pair of gloves
MR       +....                  (no boots)
Stlth    ++........             (no amulet)
HPRegen  0.22/turn              A - ring of see invisible
MPRegen  0.20/turn              z - ring of flight

@: divine energy
A: no food or potions, fire vulnerability, cold resistance 1, negative energy
resistance 3, torment resistance, unbreathing
a: Stop Divine Energy, Channel Magic, Forget Spell, Renounce Religion, Evoke
Flight


You were on level 10 of the Dungeon.
You worshipped Sif Muna.
Sif Muna was extremely pleased with you.
You were not hungry.

You visited 2 branches of the dungeon, and saw 11 of its levels.
You also visited: Ossuary and Bailey.

You collected 533 gold pieces.

Inventory:

Hand Weapons
 i - a +0 hunting sling
 s - a +2 halberd of electrocution (weapon)
Missiles
 f - 37 poisoned needles
 h - 69 sling bullets
 j - 467 stones (quivered)
 o - 4 needles of confusion
Armour
 a - a +0 robe (worn)
 d - a +0 helmet (worn)
 l - a +0 cloak (worn)
 n - a +0 pair of gloves (worn)
 t - a cursed +0 buckler
Jewellery
 z - a ring of flight (right hand)
 A - a ring of see invisible (left hand)
Wands
 u - a wand of enslavement (24)
 w - a wand of random effects (27)
 x - a wand of digging (26)
 y - a wand of iceblast (4)
Scrolls
 b - 2 scrolls of remove curse {!r}
 c - a scroll of blinking {!r}
 e - 9 scrolls of identify {!r}
 g - 2 scrolls of enchant armour {!r}
 k - a scroll of fog {!r, unknown}
 m - 2 scrolls of amnesia {!r}
 p - 4 scrolls of magic mapping {!r, unknown}
 q - 2 scrolls of enchant weapon {!r, unknown}
 r - 5 scrolls of teleportation {!r}
 v - a scroll of noise {!r, unknown}
 B - 2 scrolls of vulnerability {!r, unknown}


   Skills:
 - Level 3.3 Fighting
 - Level 4.5 Dodging
 - Level 1.5 Stealth
 - Level 11.5 Spellcasting
 - Level 11.5 Conjurations
 + Level 1.0 Invocations


You had 22 spell levels left.
You knew the following spells:

 Your Spells              Type           Power        Failure   Level  Hunger
a - Iskenderun's Mystic   Conj           ######..     1%          4    N/A
b - Searing Ray           Conj           ######       1%          2    N/A
d - Magic Dart            Conj           ####         1%          1    N/A
e - Mephitic Cloud        Conj/Pois/Air  ###.....     4%          3    N/A
z - Confusing Touch       Hex            ##....       7%          1    N/A

Dungeon Overview and Level Annotations

Branches:
Dungeon (10/15)            Temple (1/1) D:6             Orc (0/2) D:10
   Lair: D:8-11

Altars:
Ashenzari
Cheibriados
Dithmenos
Elyvilon
Fedhas
Gozag
Hepliaklqana
Kikubaaqudgha
Makhleb
Nemelex Xobeh
Okawaru
Qazlal
Ru
Sif Muna
Trog
Uskayaw
Vehumet
Wu Jian
Xom
Yredelemnul
Zin
The Shining One

Shops:
D:4 }

Annotations:
D:10 Gastronok


Innate Abilities, Weirdness & Mutations

You do not eat or drink.
Your flesh is vulnerable to fire.
You are immune to poison.
Your flesh is cold resistant. (rC+)
You are immune to negative energy. (rN+++)
You are immune to unholy pain and torment.
You can survive without breathing.


Message History

Aiming: Iskenderun's Mystic Blast (safe; 1% risk of failure)
Press: ? - help, Shift-Dir - straight line, f - killer bee
Aim: a killer bee (hasn't noticed you)
The orb of energy hits the killer bee.
You kill the killer bee!
Sif Muna accepts your kill. 2 killer bees come into view.
Casting: Iskenderun's Mystic Blast (safe; 1% risk of failure)
Confirm with . or Enter, or press ? or * to list all spells.
Aiming: Iskenderun's Mystic Blast (safe; 1% risk of failure)
Press: ? - help, Shift-Dir - straight line, f - killer bee
Aim: a killer bee (hasn't noticed you)
The orb of energy hits the killer bee.
You kill the killer bee!
Sif Muna accepts your kill.
The orb of energy explodes!
The killer bee buzzes angrily.
The killer bee moves out of view.
Casting: Iskenderun's Mystic Blast (safe; 1% risk of failure)
Confirm with . or Enter, or press ? or * to list all spells.
Aiming: Iskenderun's Mystic Blast (safe; 1% risk of failure)
Press: ? - help, Shift-Dir - straight line, f - killer bee
Aim: a killer bee The orb of energy hits the killer bee.
You kill the killer bee!
Sif Muna accepts your kill.
Your Invocations skill increases to level 1!
Casting: Iskenderun's Mystic Blast (safe; 1% risk of failure)
Confirm with . or Enter, or press ? or * to list all spells.
You can't see any susceptible monsters within range! (Use Z to cast anyway.)
Casting: Iskenderun's Mystic Blast (safe; 1% risk of failure)
Confirm with . or Enter, or press ? or * to list all spells.
You can't see any susceptible monsters within range! (Use Z to cast anyway.)
Casting: Iskenderun's Mystic Blast (safe; 1% risk of failure)
Confirm with . or Enter, or press ? or * to list all spells.
You can't see any susceptible monsters within range! (Use Z to cast anyway.)
Casting: Iskenderun's Mystic Blast (safe; 1% risk of failure)
Confirm with . or Enter, or press ? or * to list all spells.
You can't see any susceptible monsters within range! (Use Z to cast anyway.)
An orc and Gastronok come into view.
Found a scroll of identify.
Casting: Iskenderun's Mystic Blast (safe; 1% risk of failure)
Confirm with . or Enter, or press ? or * to list all spells.
Aiming: Iskenderun's Mystic Blast (safe; 1% risk of failure)
Press: ? - help, Shift-Dir - straight line, f - orc
Aim: an orc, wielding a morningstar (hasn't noticed you)
The orb of energy hits the orc.
You kill the orc!
Sif Muna accepts your kill.
Gastronok gurgles horribly!
Casting: Iskenderun's Mystic Blast (safe; 1% risk of failure)
Confirm with . or Enter, or press ? or * to list all spells.
Aiming: Iskenderun's Mystic Blast (safe; 1% risk of failure)
Press: ? - help, Shift-Dir - straight line, f - Gastronok
Aim: Gastronok, wearing an embroidered hat The orb of energy hits Gastronok.
Gastronok is lightly wounded.
Gastronok waves his eye-stalks in wide circles.
The air twists around and strikes you!
* * * LOW HITPOINT WARNING * * *
You see here 11 arrows.
Gastronok waves his eye-stalks in wide circles.
The air twists around and strikes you!
You die...

#.†<......### #.###.##..##.#..#
#.........# ..##......##.#..#
#.........# .##...#.#.#...#..###
..........## . )###.............
#.........# . #..#.#........
#.....>.... #.# #..#.#........
#..........##.### ####.#........
#.!.............######...........
##.#.@##..............
##...........##........
#....##..#...##........ .
##.#.##(.##.####........
....#[...........# #########
#...†..........#
#.....#..........#
.....w.#.........!#
.....?###.....#####


You could see Gastronok.

Vanquished Creatures
  2 two-headed ogres
  An unseen horror (D:10)
  An orc knight (Bailey)
  2 rust devils (D:6)
  Maurice (D:8)
  2 hornets (D:8)
  A hippogriff (D:7)
  Grum (D:8)
  A hungry ghost (D:7)
  A water moccasin (D:9)
  Duvessa (D:6)
  3 ice beasts
  5 orc warriors
  A hornet zombie (D:6)
  5 sky beasts
  2 black bears (D:9)
  A necrophage (D:7)
  4 ogres
  2 wolves (D:8)
  2 centaurs
  A crocodile (D:10)
  A big kobold (D:9)
  3 bullfrogs
  An elf skeleton (D:5)
  An elf zombie (D:5)
  Dowan (D:6)
  3 scorpions
  8 killer bees
  5 wights (D:9)
  5 howler monkeys (D:7)
  6 crimson imps
  2 centaur zombies
  A bullfrog skeleton (D:2)
  4 hounds
  A jelly (D:5)
  2 orc priests
  2 human zombies (D:5)
  4 orc wizards
  A centaur skeleton (D:4)
  An iguana (D:9)
  Jessica (D:3)
  3 worker ants
  A hound skeleton (D:9)
  3 mummies (Ossuary)
  A worker ant zombie (D:8)
  Robin (D:3)
  13 gnolls (Bailey)
  8 adders
  4 shadow imps
  An ooze (D:2)
  3 worms
  3 dart slugs
  7 leopard geckos
  29 orcs
  4 giant cockroaches
  2 gnoll zombies (Ossuary)
  17 goblins
  14 hobgoblins
  11 jackals
  16 kobolds
  2 quokkas
  2 ball pythons
  12 bats
  7 frilled lizards
  6 gnoll skeletons (Ossuary)
  3 goblin skeletons (Ossuary)
  3 goblin zombies (Ossuary)
  A hobgoblin zombie (Ossuary)
  4 kobold skeletons (Ossuary)
  3 kobold zombies (Ossuary)
  A leopard gecko zombie (D:5)
  3 orc skeletons
  2 orc zombies (Ossuary)
  7 rats
  A rat skeleton (Ossuary)
  2 rat zombies (Ossuary)
293 creatures vanquished.

Vanquished Creatures (collateral kills)
  A worker ant (D:8)
1 creature vanquished.

Vanquished Creatures (others)
  A hornet (D:8)
  Menkaure (Ossuary)
  A killer bee (D:9)
  A gnoll skeleton (Ossuary)
  2 gnoll zombies (Ossuary)
  5 goblin zombies (Ossuary)
  3 hobgoblin skeletons (Ossuary)
  3 hobgoblin zombies (Ossuary)
  2 kobold skeletons (Ossuary)
  2 orc skeletons (Ossuary)
  An orc zombie (Ossuary)
  2 rat skeletons (Ossuary)
  A rat zombie (Ossuary)
25 creatures vanquished.

Grand Total: 319 creatures vanquished

Notes
Turn   | Place    | Note
-------+----------+-------------------------------------------
     0 | D:1      | Amnesiac the Mummy Conjurer began the quest for the Orb.
     0 | D:1      | Reached XP level 1. HP: 13/13 MP: 4/4
   616 | D:1      | Reached XP level 2. HP: 17/20 MP: 5/5
   620 | D:1      | Learned a level 2 spell: Searing Ray
  1789 | D:2      | Reached XP level 3. HP: 20/25 MP: 2/8
  1889 | D:2      | Reached skill level 1 in Fighting
  2146 | D:2      | Reached XP level 4. HP: 32/32 MP: 5/9
  2167 | D:2      | Learned a level 4 spell: Iskenderun's Mystic Blast
  3118 | D:3      | Noticed Robin
  3290 | D:3      | Killed Robin
  3290 | D:3      | Reached XP level 5. HP: 28/37 MP: 0/10
  3777 | D:3      | Noticed Jessica
  3784 | D:3      | Killed Jessica
  4088 | D:4      | Found a snail-covered altar of Cheibriados.
  4227 | D:4      | Reached XP level 6. HP: 31/44 MP: 6/12
  4516 | D:4      | Found Jenuag's Gadget Boutique.
  4722 | D:5      | Entered Level 5 of the Dungeon
  4959 | D:5      | Reached XP level 7. HP: 48/51 MP: 2/14
  5082 | D:5      | Reached skill level 5 in Conjurations
  5113 | D:5      | Found a sand-covered staircase.
  5122 | Ossuary  | Entered an ossuary
  5144 | Ossuary  | Reached skill level 5 in Spellcasting
  5325 | Ossuary  | Killed Menkaure
  5957 | D:6      | Found a staircase to the Ecumenical Temple.
  5981 | Temple   | Entered the Ecumenical Temple
  6055 | Temple   | Became a worshipper of Sif Muna the Loreminder
  6110 | D:6      | Found an opulent altar of Gozag.
  6214 | D:6      | Reached XP level 8. HP: 58/58 MP: 7/17
  6322 | D:5      | Noticed a rust devil
  6322 | D:5      | Noticed a rust devil
  6483 | D:5      | Learned a level 3 spell: Mephitic Cloud
  6500 | D:6      | Noticed Duvessa
  7056 | D:6      | Reached * piety under Sif Muna
  7318 | D:6      | Noticed Dowan
  7320 | D:6      | Killed Dowan
  7387 | D:6      | Killed Duvessa
  7789 | D:6      | Learned a level 1 spell: Confusing Touch
  7889 | D:6      | Killed a rust devil
  7889 | D:6      | Reached XP level 9. HP: 47/64 MP: 0/20
  8039 | D:6      | Killed a rust devil
  8039 | D:6      | Reached ** piety under Sif Muna
  9055 | D:7      | Reached *** piety under Sif Muna
  9605 | D:8      | Reached XP level 10. HP: 61/70 MP: 6/23
  9664 | D:8      | Noticed a two-headed ogre
  9712 | D:8      | Killed a two-headed ogre
  9712 | D:8      | Reached skill level 10 in Spellcasting
  9712 | D:8      | Reached skill level 10 in Conjurations
 10002 | D:8      | Noticed Grum
 10021 | D:8      | Killed Grum
 10191 | D:8      | Noticed Maurice
 10196 | D:8      | Killed Maurice
 10196 | D:8      | Reached **** piety under Sif Muna
 10889 | D:9      | Noticed a two-headed ogre
 10897 | D:9      | Killed a two-headed ogre
 11165 | D:9      | Found a flagged portal.
 11251 | Bailey   | Entered a bailey
 11526 | Bailey   | Noticed an orc knight
 11643 | Bailey   | Reached XP level 11. HP: 48/75 MP: 21/26
 11711 | Bailey   | Killed an orc knight
 12319 | D:10     | Entered Level 10 of the Dungeon
 12319 | D:10     | Found a staircase to the Orcish Mines.
 12383 | D:10     | Noticed an unseen horror
 12387 | D:10     | Killed an unseen horror
 12387 | D:10     | Reached ***** piety under Sif Muna
 12391 | D:10     | Identified Sif Muna's Papyrus of Ashen Battle Magic (Sif Muna gifted it to you on level 10 of the Dungeon)
 12391 | D:10     | Received a gift from Sif Muna
 12535 | D:10     | Reached skill level 1 in Invocations
 12539 | D:10     | Noticed Gastronok
 12550 | D:10     | Killed from afar by Gastronok

Vault maps used:
D:1:      saegor_arrival_simple_c
D:2:      first_ration
D:3:      uniq_robin, uniq_jessica
D:4:      lemuel_round_altar, serial_shops, nicolae_shop_behind_doors,
          minmay_fountain_box
D:5:      cheibrodos_iron_armory, nicolae_ossuary_entry_catacombs
D:6:      minmay_temple_entry_water_ring, basic_altar, uniq_duvessa
D:8:      hangedman_pestilent_swarm, uniq_maurice, uniq_grum
D:9:      kennysheep_six_static_rooms, serial_corexii_hall,
          corexii_hall_statues_i, corexii_hall_statues_i, enter_bailey_8
D:10:     uniq_gastronok
Temple:   compressed_dpeg_circular_temple
Ossuary:  ossuary_due_pyramid
Bailey:   bailey_axe_2, bailey

Skill      XL: |  1  2  3  4  5  6  7  8  9 10 11 |
---------------+----------------------------------+-----
Spellcasting   | 3 4 6 7 9 11 | 11.5
Dodging        | 2 3 4 |  4.5
Fighting       | 1 2 3 |  3.3
Conjurations   | 4 5 7 9 11 | 11.5
Invocations    | 1 |  1.0
Stealth        | |  1.5

Action                   |  1- 3 |  4- 6 |  7- 9 | 10-12 || total
-------------------------+-------+-------+-------+-------++-------
Melee: Spear             |    50 |     3 |       |       ||    53
       Unarmed           |     6 |       |     5 |       ||    11
       Halberd           |       |       |       |    19 ||    19
 Fire: Hunting sling     |       |   109 |   221 |    65 ||   395
 Cast: Magic Dart        |    24 |    78 |     4 |       ||   106
       Searing Ray       |     6 |    17 |    11 |       ||    34
       Iskenderun's Myst |       |     1 |   119 |   149 ||   269
       Confusing Touch   |       |       |     2 |       ||     2
       Mephitic Cloud    |       |       |     1 |     6 ||     7
Invok: Divine Energy     |       |       |     1 |       ||     1
Evoke: Wand              |       |       |     6 |    20 ||    26
  Use: Scroll            |       |     4 |     9 |       ||    13
 Stab: Sleeping          |     5 |       |       |       ||     5
Armor: Robe              |    11 |    16 |    37 |    23 ||    87
Dodge: Dodged            |    40 |    73 |   138 |    87 ||   338

Table legend:
 A = Spawn XP
 B = Non-spawn XP
 C = Spawn XP percentage of total XP
 D = Spawn monster count
 E = Non-spawn monster count
 F = Spawn count percentage of total count
 G = Total turns spent on level
                    A         B        C        D         E        F      G
               +---------+---------+-------+---------+---------+-------+---------
         Total |       0 |   13097 |   0.0 |       0 |     295 |   0.0 | 12550
               +---------+---------+-------+---------+---------+-------+---------
           D:1 |       0 |      38 |   0.0 |       0 |      23 |   0.0 |  1874
           D:2 |       0 |      99 |   0.0 |       0 |      22 |   0.0 |   914
           D:3 |       0 |     124 |   0.0 |       0 |      28 |   0.0 |  1147
           D:4 |       0 |     254 |   0.0 |       0 |      15 |   0.0 |   787
           D:5 |       0 |     740 |   0.0 |       0 |      23 |   0.0 |  1113
           D:6 |       0 |    2110 |   0.0 |       0 |      19 |   0.0 |  1778
           D:7 |       0 |    1688 |   0.0 |       0 |      24 |   0.0 |  1104
           D:8 |       0 |    2916 |   0.0 |       0 |      21 |   0.0 |  1284
           D:9 |       0 |    2992 |   0.0 |       0 |      37 |   0.0 |   976
          D:10 |       0 |    1259 |   0.0 |       0 |      19 |   0.0 |   231
       Ossuary |       0 |      62 |   0.0 |       0 |      30 |   0.0 |   386
        Bailey |       0 |     815 |   0.0 |       0 |      34 |   0.0 |   859
               +---------+---------+-------+---------+---------+-------+---------
